 Dungeon Crawl Stone Soup version 0.30-a0-840-ga523dec638 (webtiles) character file.

Game seed: 17443646239284361194

715 Rocko1345 the Slasher (level 8, -1/67 HPs)
             Began as a Meteoran Fighter on Mar 1, 2023.
             Was a Follower of Zin.
             Slain by Blork the orc
             ... wielding a +4 glaive of protection
              (12 damage)
             ... on level 6 of the Dungeon.
             The game lasted 00:11:51 (2950 turns).

Rocko1345 the Slasher (Meteoran Fighter)            Turns: 2950, Time: 00:11:51

Health: -1/67      AC: 14    Str: 20    XL:     8   Next: 21%
Magic:  9/9        EV:  6    Int: 10    God:    Zin [*.....]
Gold:   69         SH:  6    Dex: 13    Spells: 7/7 levels left

rFire   . . .      SeeInvis .    a - +0 long sword
rCold   . . .      Faith    .    c - +1 buckler
rNeg    . . .      Spirit   .    n - +2 plate armour
rPois   .          Reflect  .    (no helmet)
rElec   .          Harm     .    u - scarf {repulsion}
rCorr   .          Rampage  .    (no gloves)
Will    +....                    (no boots) Stlth
                                 (no amulet)
HPRegen 0.31/turn                (no ring)
MPRegen 0.11/turn                (no ring)

@: on recite cooldown, glowing, repel missiles
A: sense surroundings 1, otherworldly, glowing, explore regen
a: Renounce Religion, Recite, Donate Gold


You were on level 6 of the Dungeon.
You worshipped Zin.
Zin was aware of your devotion.
You visited 1 branch of the dungeon, and saw 6 of its levels.

You collected 248 gold pieces.
You spent 117 gold pieces at shops.
You donated 62 gold pieces to Zin.

Inventory:

Hand Weapons
 a - a +0 long sword (weapon)
 l - a +0 short sword of holy wrath
 w - a +1 sling of flaming
 x - a +1 hand axe of electrocution
 A - a +0 shortbow
 B - a +2 heavy hand axe
Missiles
 i - 10 boomerangs (quivered)
Armour
 b - a +0 scale mail
 c - a +1 buckler (worn)
 n - a +2 plate armour (worn)
 u - a scarf of repulsion (worn)
Jewellery
 q - a ring of wizardry
Wands
 C - a wand of digging (7)
Scrolls
 e - a scroll of amnesia {unknown}
 f - 3 scrolls of vulnerability {unknown}
 g - a scroll of immolation {unknown}
 h - 2 scrolls of poison {unknown}
 j - a scroll of magic mapping {unknown}
 m - a scroll of fog {unknown}
 p - 2 scrolls of brand weapon {unknown}
 r - a scroll of noise
 v - a scroll of fear {unknown}
 y - 2 scrolls of identify
 z - a scroll of teleportation {unknown}
Potions
 d - a potion of might
 k - 4 potions of curing
 o - a potion of resistance
 s - a potion of lignification {unknown}
 t - a potion of heal wounds
 D - a potion of flight {unknown}


   Skills:
 + Level 4.4 Fighting
 * Level 7.1 Long Blades
 + Level 0.4 Throwing
 * Level 6.0 Armour
 + Level 0.6 Dodging
 * Level 5.3 Shields


You had 7 spell levels left.
You didn't know any spells.
Your spell library contained the following spells:

 Spells                   Type           Power      Damage    Failure   Level
 Beastly Appendage        Tmut           0%         N/A       100%        1
 Sandblast                Erth           0%         2d4       100%        1
 Passwall                 Tmut/Erth      0%         N/A       100%        2
 Wereblood                Tmut           0%         N/A       100%        2
 Spider Form              Tmut/Pois      0%         N/A       100%        3
 Stone Arrow              Conj/Erth      0%         3d7       100%        3
 Animate Armour           Summ/Erth      0%         N/A       100%        4
 Lehudib's Crystal Spear  Conj/Erth      0%         10d2      100%        8


Dungeon Overview and Level Annotations

Branches:
Dungeon (6/15) Zot: 573    Temple (0/1) D:5

Altars:
Nemelex Xobeh
Trog
Zin

Shops:
D:3 !

Annotations:
D:6 Blork the orc


Innate Abilities, Weirdness & Mutations

You passively map a small area around you.
You are easily found by Zot.
You glow in the dark.
You regain HP and MP as you explore.


Message History

Blork the orc is moderately wounded.
The centaur hits you but does no damage.
The centaur kicks you but does no damage.
Blork the orc points at you and mumbles some strange words.
The puff of frost hits you.
The centaur hits you but does no damage.
The centaur kicks you but does no damage.
Blork the orc points at you and mumbles some strange words.
The magic dart hits you but does no damage.
You hit Blork the orc but do no damage.
Blork the orc is moderately wounded.
The centaur completely misses you. The centaur closely misses you.
Blork the orc hits you with a +4 glaive of protection.
The centaur hits you but does no damage.
The centaur barely misses you.
You hit Blork the orc but do no damage.
Blork the orc is moderately wounded.
Blork the orc closely misses you. You block the centaur's attack.
The centaur barely misses you.
Blork the orc is lost in a daze.
You hit Blork the orc but do no damage.
Blork the orc is moderately wounded.
You block the centaur's attack. The centaur kicks you.
Blork the orc is lost in a daze.
The centaur barely misses you. The centaur closely misses you.
You block Blork the orc's attack.
You barely miss Blork the orc.
Blork the orc is moderately wounded.
You block the centaur's attack. The centaur kicks you.
* * * LOW HITPOINT WARNING * * *
Blork the orc barely misses you.
You slash Blork the orc!
Blork the orc is heavily wounded.
Blork the orc is no longer dazed.
The centaur hits you.
* * * LOW HITPOINT WARNING * * *
The centaur kicks you but does no damage.
Blork the orc screams, "I'll crush all your ribs!
One by one!"
Blork the orc barely misses you. The centaur hits you.
* * * LOW HITPOINT WARNING * * *
The centaur kicks you but does no damage.
Blork the orc hits you with a +4 glaive of protection!
You die...

.#.#... #..# ._....
#..# ### ..... #..#
#.# #... #..# #.#
#...##..# #.# .
#.......######.#
...##.............#
........#########.#
...../.......o@...#
......##.####c###.#
,....#.##.####.# #.###
..............# #.#.#
,##.##,.#......###.#.#
, # .#..###........#
..............†.# #.
...###.######.#### #
.............#


You could see Blork the orc (fast) and a centaur.

Vanquished Creatures
  An ogre (D:5)
  A centaur (D:5)
  A bullfrog (D:6)
  3 scorpions
  A jelly (D:5)
  3 hounds
  Natasha (twice) (D:3)
  4 adders
  3 gnolls (D:5)
  An ufetubus (D:5)
  A worm (D:2)
  A dart slug (D:5)
  9 orcs
  2 endoplasms
  2 giant cockroaches
  8 goblins
  5 hobgoblins
  8 kobolds
  2 quokkas
  2 ball pythons
  5 bats
  7 rats
72 creatures vanquished.

Notes
Turn   | Place    | Note
-------+----------+-------------------------------------------
     0 | D:1      | Rocko1345 the Meteoran Fighter began the quest for the Orb.
     0 | D:1      | Reached XP level 1. HP: 19/19 MP: 2/2
   122 | D:1      | Reached XP level 2. HP: 21/26 MP: 3/3
   487 | D:1      | Glimpsed the power of Zot.
   502 | D:1      | Reached skill level 3 in Long Blades
   502 | D:1      | Reached XP level 3. HP: 30/31 MP: 4/4
   536 | D:1      | Glimpsed the power of Zot.
   953 | D:2      | Reached XP level 4. HP: 40/40 MP: 5/5
  1076 | D:2      | Glimpsed the power of Zot.
  1126 | D:2      | Glimpsed the power of Zot.
  1204 | D:3      | Reached skill level 4 in Long Blades
  1366 | D:3      | Found Enlunist's Distillery.
  1403 | D:3      | Bought a potion of curing for 39 gold pieces
  1403 | D:3      | Bought a potion of curing for 39 gold pieces
  1403 | D:3      | Bought a potion of curing for 39 gold pieces
  1464 | D:3      | Noticed Natasha
  1474 | D:3      | Killed Natasha
  1475 | D:3      | Reached XP level 5. HP: 43/46 MP: 6/6
  1657 | D:3      | Glimpsed the power of Zot.
  1704 | D:3      | Noticed Natasha
  1705 | D:3      | Glimpsed the power of Zot.
  1721 | D:3      | Killed Natasha
  1749 | D:4      | Reached XP level 6. HP: 52/52 MP: 7/7
  1829 | D:4      | Reached skill level 5 in Long Blades
  1829 | D:4      | Reached skill level 5 in Armour
  1979 | D:4      | Found a bloodstained altar of Trog.
  2242 | D:4      | Glimpsed the power of Zot.
  2292 | D:4      | Glimpsed the power of Zot.
  2332 | D:4      | Glimpsed the power of Zot.
  2334 | D:5      | Entered Level 5 of the Dungeon
  2487 | D:5      | Reached XP level 7. HP: 59/59 MP: 8/8
  2504 | D:5      | Reached skill level 6 in Long Blades
  2514 | D:5      | Found a glowing silver altar of Zin.
  2543 | D:5      | Became a worshipper of Zin the Law-Giver
  2568 | D:5      | Donated 49 gold pieces to Zin
  2611 | D:5      | Found a staircase to the Ecumenical Temple.
  2648 | D:5      | Reached skill level 5 in Shields
  2758 | D:5      | Reached XP level 8. HP: 14/67 MP: 9/9
  2778 | D:5      | Reached * piety under Zin
  2829 | D:5      | Glimpsed the power of Zot.
  2876 | D:5      | Glimpsed the power of Zot.
  2919 | D:6      | Found a sparkling altar of Nemelex Xobeh.
  2921 | D:6      | Noticed Blork the orc
  2931 | D:6      | Reached skill level 7 in Long Blades
  2950 | D:6      | Slain by Blork the orc

Illustrated notes

Levels and vault maps discovered:
D:1:      dpeg_arrival_refuge, layout_basic
D:2:      layout_loops_cross
D:3:      layout_rooms, serial_shops, nicolae_shop_statue_plus, uniq_natasha
D:4:      layout_basic, lemuel_round_altar, eino_small_chamber_without_monster
D:5:      layout_basic, zin_academy, temple_pool_b
D:6:      layout_basic, nicolae_qazlal_general_emergency, gammafunk_ghost_smash,
          hangedman_decor_lopped, hangedman_feature_mirror,
          hangedman_abyss_or_decor_lesser_grid, nicolae_shop_vocational,
          uniq_blork_the_orc

Skill      XL: |  1  2  3  4  5  6  7  8 |
---------------+-------------------------+-----
Long Blades    | 3 4 5 6 7 |  7.1
Armour         | 4 5 6 |  6.0
Fighting       | 4 |  4.4
Shields        | 4 5 |  5.3
Throwing       | |  0.4
Dodging        | |  0.6

Action                     |  1- 3 |  4- 6 |  7- 9 || total
---------------------------+-------+-------+-------++-------
  Melee: Long sword        |    79 |   156 |    76 ||   311
  Throw: Boomerang         |       |     7 |       ||     7
 Invoke: Donate Gold       |       |       |     1 ||     1
         Recite            |       |       |     1 ||     1
    Use: Scroll            |     3 |     3 |       ||     6
         Potion            |       |       |     1 ||     1
 Armour: Scale mail        |    17 |       |       ||    17
         Plate armour      |    39 |   118 |    77 ||   234
         Skin              |       |    11 |       ||    11
  Dodge: Dodged            |    20 |    38 |    33 ||    91
         Repelled          |       |       |     2 ||     2
  Block: Buckler           |    23 |    45 |    31 ||    99

Table legend: (Time is in decaauts)
 A = Elapsed time spent in this place.
 B = Non-inter-level travel time spent in this place.
 C = Inter-level travel time spent in this place.
 D = Time resting spent in this place.
 E = Time spent auto-exploring this place.
 F = Levels seen in this place.
 G = Mean time per level.
                   A        B        C        D        E       F      G
               +--------+--------+--------+--------+--------+-----+--------+
         Total |   3025 |   2873 |    152 |    383 |   1483 |   6 |  504.2 |
       Dungeon |   3025 |   2873 |    152 |    383 |   1483 |   6 |  504.2 |
               +--------+--------+--------+--------+--------+-----+--------+

Top non-repeatable levels by time:
     D:3: 629 daAuts
     D:4: 606 daAuts
     D:2: 586 daAuts
     D:1: 569 daAuts
     D:5: 563 daAuts
     D:6: 70 daAuts
